 Dungeon Crawl Stone Soup version 0.23.2 (webtiles) character file.

Game seed: 2320345089121406643

81 Borgoz the Sneak (level 4, 0/37 HPs)
             Began as a Ghoul Assassin on Apr 5, 2019.
             Slain by a gnoll
             ... wielding a +0 spear
              (4 damage)
             ... on level 2 of the Dungeon.
             The game lasted 00:02:18 (1948 turns).

Borgoz the Sneak (Ghoul Assassin)                   Turns: 1948, Time: 00:02:19

Health: 0/37       AC:  3    Str: 14    XL:     4   Next: 42%
Magic:  3/3        EV: 12    Int:  6    God:
Gold:   65         SH:  0    Dex: 11    Spells: 3/3 levels left

rFire    . . .     SeeInvis .   a - +2 dagger
rCold    + . .     Gourm    .   (no shield)
rNeg     + + +     Faith    .   c - +0 robe
rPois    ∞         Spirit   .   (no helmet)
rElec    .         Reflect  .   d - +0 cloak
rCorr    .         Harm     .   (no gloves)
MR       .....                  (no boots)
Stlth    +++.......             (no amulet)
HPRegen  0.00/turn              (no ring)
MPRegen  0.08/turn              (no ring)

@: rotting
A: rotting body, claws 1, carnivore, cold resistance 1, negative energy
resistance 3, inhibited regeneration, torment resistance, unbreathing
a: no special abilities


You were on level 2 of the Dungeon.
You were not hungry.

You visited 1 branch of the dungeon, and saw 2 of its levels.

You collected 65 gold pieces.

Inventory:

Hand Weapons
 a - a +2 dagger (weapon)
 b - a +0 blowgun
Missiles
 e - 8 poisoned needles
 f - 2 curare-tipped needles
 h - 7 javelins (quivered)
Armour
 c - a +0 robe (worn)
 d - a +0 cloak (worn)
Jewellery
 l - a +2 ring of intelligence {unknown}
 o - an uncursed ring of magical power {unknown}
Scrolls
 i - a scroll of enchant weapon {unknown}
 n - a scroll of teleportation {unknown}
Comestibles
 g - 4 rations
 j - a chunk of flesh


   Skills:
 + Level 2.6 Fighting
 * Level 2.6 Short Blades
 - Level 1.7 Throwing
 * Level 1.5 Armour
 * Level 1.8 Dodging
 + Level 4.7 Stealth


You had 3 spell levels left.
You didn't know any spells.
Your spell library was empty.

Dungeon Overview and Level Annotations

Branches:
Dungeon (2/15)

Altars:


Innate Abilities, Weirdness & Mutations

Your body is rotting away.
You thrive on raw meat.
You are immune to poison.
You have sharp fingernails.
You are carnivorous and can eat meat at any time.
Your flesh is cold resistant. (rC+)
You are immune to negative energy. (rN+++)
You do not regenerate when monsters are visible.
You are immune to unholy pain and torment.
You can survive without breathing.


Message History

The gnoll barely misses you.
You hit the gnoll but do no damage.
The gnoll is lightly wounded.
The gnoll closely misses you.
You hit the gnoll.
The gnoll is moderately wounded.
The gnoll hits you but does no damage.
You hit the gnoll.
The gnoll is moderately wounded.
The gnoll closely misses you.
You hit the gnoll but do no damage.
The gnoll is moderately wounded.
You barely miss the gnoll.
The gnoll is moderately wounded.
The gnoll hits you with a +0 spear.
* * * LOW HITPOINT WARNING * * *
You hit the gnoll but do no damage.
The gnoll is moderately wounded.
The gnoll hits you with a +0 spear.
You die...

......####.###
#.##...###.......#
...........#
##......#...##....#
.......#####
...#......###.#..#
...........#
#.#.###..# #.#...
...........#.#
#.....#..###.#...
.............#
####.#.#......#...
######.##.....
#..†.#.#.######...
.....#.# ...##
#.####.....# #...
.###.#.# .... #@#
#.....# #..# .#
#.#.# ..## #g#
#.....# #... .#
#.#.# .. #.#
##....# #... .#
#...# #.# #....#
#.#. .# ##### #.#
#....# #... .######
#.# #(...# ####
.#....# ..# #....#
#. .#...(# ###
#....# #. .#....#
###### #.


You could see a gnoll.

Vanquished Creatures
  3 gnolls (D:2)
  An adder (D:2)
  An ooze (D:1)
  A worm (D:2)
  A dart slug (D:2)
  3 leopard geckos (D:1)
  A bat (D:2)
  3 giant cockroaches
  5 goblins
  4 hobgoblins
  A quokka (D:2)
  3 kobolds
  6 rats
33 creatures vanquished.

Notes
Turn   | Place    | Note
-------+----------+-------------------------------------------
     0 | D:1      | Borgoz the Ghoul Assassin began the quest for the Orb.
     0 | D:1      | Reached XP level 1. HP: 17/17 MP: 0/0
    66 | D:1      | Reached skill level 1 in Dodging
   278 | D:1      | Reached XP level 2. HP: 21/23 MP: 1/1
  1145 | D:2      | Reached skill level 1 in Armour
  1145 | D:2      | Reached XP level 3. HP: 30/30 MP: 2/2
  1916 | D:2      | Reached XP level 4. HP: 37/37 MP: 3/3
  1948 | D:2      | Slain by a gnoll

Skill      XL: |  1  2 |
---------------+-------+-----
Dodging        | 1 |  1.8
Short Blades   | 2 |  2.6
Armour         | 1 |  1.5
Fighting       | |  2.6
Throwing       | |  1.7
Stealth        | |  4.7

Action                   |  1- 3 |  4- 6 || total
-------------------------+-------+-------++-------
Melee: Dagger            |   126 |    25 ||   151
  Use: Potion            |       |     3 ||     3
 Stab: Sleeping          |    11 |     1 ||    12
  Eat: Chunk             |     6 |       ||     6
Armor: Robe              |    17 |     2 ||    19
Dodge: Dodged            |    61 |    18 ||    79
